 BcadrenCrawl: Boulder Brew version 0.06-744-gf22570f5e0 (webtiles) character file.

Game seed: 9478385584823843619

628 LabCoat the Chopper (level 7, -4/133 HPs) Hill Orc Fighter. Began on Mar 6, 2023. Splashed by a jelly's acid (10 damage) ... on level 2 of the Dungeon. The game lasted 00:10:11 (2610 turns).

LabCoat the Chopper (Hill Orc Fighter)              Turns: 2610, Time: 00:10:12

Health: -4/133     AC: -4    Str: 26    XL:     7 ^: 301
Magic:  7/7        EV:  9    Int:  8    God:
Gold:   101        SH:  0    Dex: 10    Spells: 6/6 levels left

rFire    + . .     Slash    .   a - +0 war axe
rCold    . . .     Pierce   .   c - +0 heater shield {rF+}
rNeg     . . .     Bludgeon .   b - +0 scale mail
rCorr    . . .     Vision   .   (no helmet)
rPois    .         Gourm    .   (no cloak)
rElec    .         Faith    .   l - +0 pair of clawed gauntlets
MR       .....     Spirit   .   (no boots)
HPRegen  0.54/turn Reflect  .   (no amulet)
MPRegen  0.17/turn Harm     .   (no ring)
Stlth    ..........             (no ring)

@: confused, berserking, corroded, very quick
A: soft flesh
a: no special abilities


You were on level 2 of the Dungeon.
You were not hungry.

You visited 1 branch of the dungeon, and saw 2 of its levels.

You collected 101 gold pieces.

Inventory:

Weapons
 a - a +0 war axe (weapon) Shields
 c - a +0 heater shield of fire resistance (shield)
Armour
 b - a +0 scale mail (worn)
 l - a +0 pair of clawed gauntlets (worn)
Jewellery
 i - a cursed ring of magical power {(Curse: Slay-5)}
Scrolls
 g - 2 scrolls of fear
 j - a scroll of teleportation
 m - a scroll of enchantment
Potions
 e - a potion of haste
 h - a potion of berserk rage
Comestibles
 f - 4 rations


   Skills:
 * Level 5.8 Fighting
 * Level 5.9 Axes & Hammers
 + Level 4.3 Armour
 + Level 2.0 Dodging
 * Level 5.4 Shields


You had 6 spell levels left.
You didn't know any spells.
Your spell library was empty.

Dungeon Overview and Level Annotations

Branches:
Dungeon (2/8)

Altars:
Gozag Ym Sagoz
Kikubaaqudgha


Innate Abilities, Weirdness & Mutations

((Your soft flesh is weak to deep cuts.
Heavy manmade armour will nullify this weakness. (rSlashing-)))


Message History

The jelly barely misses you. The jelly hits you (1).
You are splashed with acid (8)!
You hit the jelly (1).
It resists.
Your claws burn (4).
* * * LOW HITPOINT WARNING * * *
The jelly is severely wounded. (7/25) HP The jelly hits you (3).
* * * LOW HITPOINT WARNING * * *
The acid corrodes you!
You are splashed with acid (10)!
* * * LOW HITPOINT WARNING * * *
You are confused.
You feel invigorated.
You drop the empty bottle.
The jelly hits you (3).
* * * LOW HITPOINT WARNING * * *
You are splashed with acid (7)!
* * * LOW HITPOINT WARNING * * *
A red film seems to cover your vision as you go berserk!
You feel yourself moving faster!
You feel mighty!
You drop the empty bottle.
The jelly hits you (4).
* * * LOW HITPOINT WARNING * * *
You are splashed with acid (10)!
You die...

##.≈≈≈≈≈# ####..†....≈≈≈≈≈
#≈.≈≈≈≈≈# ##...P.###..≈≈≈≈≈
...≈≈≈≈≈# #..P...#≈#..≈≈≈≈≈
#.≈≈≈≈≈###......≈≈#..≈≈≈≈≈
#.≈≈≈≈≈##)P..#....#..≈≈≈≈≈
#.≈≈≈≈≈##P..##.._.#..≈≈≈≈≈
#≈≈≈≈≈≈##..P.#†...#..≈..≈≈
#≈≈≈≈≈≈#....P...≈≈#....≈≈≈
#≈≈≈≈≈≈.†@†.P.P.#≈# ≈≈≈
#≈≈≈≈≈.#J†......### ≈≈≈≈
#≈≈≈≈≈............. ≈≈≈≈
#≈≈≈≈≈..≈≈##......≈ ≈≈≈≈
#≈≈≈≈≈.#≈###......≈.b ≈<≈≈
##.≈≈...≈≈≈≈##....b.#. ≈≈≈≈
#######≈....≈≈##.########≈≈
≈≈≈≈
...≈≈≈≈.≈≈≈≈≈≈≈≈≈≈≈≈P≈P
≈P≈≈
≈≈≈≈≈≈≈≈.≈≈≈≈≈≈≈≈≈≈≈≈≈≈P≈
≈P≈≈


You could see a jelly.

Vanquished Creatures
  A water moccasin (D:2)
  Jessica (D:2)
  3 giant cockroaches
  37 sewer rats (D:2)
  2 puffer fish skeletons (D:2)
  5 cinder newts
  A worm (D:2)
  4 oozes
  A dart slug (D:1)
  4 leopard geckos
  An adder skeleton (D:2)
  6 goblins (D:1)
  4 hobgoblins (D:1)
  2 ball pythons
  8 bats
  A bat skeleton (D:2)
  3 kobolds (D:1)
  3 rats
  8 withered plants (D:2)
95 creatures vanquished.

Vanquished Creatures (others)
  A jelly (D:2)
  A giant cockroach (D:2)
  A dart slug (D:2)
  A ball python (D:2)
  A quokka skeleton (D:2)
  3 giant blowflies (D:2)
  155 withered plants (D:2)
163 creatures vanquished.

Grand Total: 258 creatures vanquished

Notes
Turn   | Place    | Note
-------+----------+-------------------------------------------
     0 | D:1      | LabCoat the Hill Orc Fighter began the quest for the Orb.
     0 | D:1      | Reached XP level 1. HP: 29/29 MP: 1/1
    12 | D:1      | Reached XP level 2. HP: 3/39 MP: 2/2
   278 | D:1      | Reached XP level 3. HP: 49/49 MP: 3/3
   788 | D:1      | Reached XP level 4. HP: 37/59 MP: 4/4
  1380 | D:2      | Reached skill level 1 in Dodging
  1413 | D:2      | Reached XP level 5. HP: 54/69 MP: 5/5
  1546 | D:2      | Noticed Jessica
  1550 | D:2      | Noticed a water moccasin
  1558 | D:2      | Killed a water moccasin
  1558 | D:2      | Reached skill level 5 in Fighting
  1558 | D:2      | Reached XP level 6. HP: 32/79 MP: 6/6
  1561 | D:2      | Killed Jessica
  1561 | D:2      | Reached skill level 5 in Axes & Hammers
  2003 | D:2      | Found an opulent altar of Gozag.
  2072 | D:2      | Reached skill level 5 in Shields
  2076 | D:2      | Reached XP level 7. HP: 68/89 MP: 7/7
  2412 | D:2      | Found an ancient bone altar of Kikubaaqudgha.
  2609 | D:2      | HP: 4/89 [acid (7)]
  2610 | D:2      | Splashed by a jelly's acid

Illustrated notes

Levels and vault maps discovered:
D:1:      eino_arrival_water_star, layout_loops_ring
D:2:      layout_sewer, kennysheep_slug_shrine, kiku_gazebo_garden_becter,
          kennysheep_little_box, kennysheep_door_sewer, first_ration,
          basic_altar, uniq_jessica

Skill      XL: |  1  2  3  4  5  6  7 |
---------------+----------------------+-----
Axes & Hammers | 3 4 5 |  5.9
Fighting       | 4 5 |  5.8
Shields        | 4 5 |  5.4
Dodging        | 1 2 |  2.0
Armour         | 4 |  4.3

Action                   |  1- 3 |  4- 6 |  7- 9 || total
-------------------------+-------+-------+-------++-------
Melee: War axe           |    58 |   123 |    76 ||   257
Throw: Skull             |       |    14 |     2 ||    16
       Stone             |       |     9 |     3 ||    12
       Bone              |       |     4 |     1 ||     5
       Rusty metal       |       |     2 |     1 ||     3
  Use: Potion            |     1 |       |     2 ||     3
       Scroll            |       |     1 |       ||     1
  Eat: Chunk             |       |     4 |     2 ||     6
Armor: Scale mail        |    31 |    65 |    47 ||   143
Dodge: Dodged            |    12 |    30 |    34 ||    76
Block: Heater shield     |    22 |    61 |    44 ||   127
